 Dungeon Crawl Stone Soup version 0.28.0-45-g0d030f2227 (webtiles) character file.

Game seed: 9430934807579473305

487 Icepheonix32 the Covered (level 6, -7/48 HPs)
             Began as a Demonspawn Fighter on Apr 10, 2022.
             Was a Priest of Uskayaw.
             Mangled by an ogre
             ... wielding a +0 giant spiked club
              (14 damage)
             ... on level 5 of the Dungeon.
             The game lasted 00:03:54 (4018 turns).

Icepheonix32 the Covered (Demonspawn Fighter)       Turns: 4018, Time: 00:03:56

Health: -7/48      AC:  7    Str: 20 (22) XL:     6   Next: 89%
Magic:  7/7        EV: 16    Int:  9 (10) God:    Uskayaw [***...]
Gold:   250        SH:  5    Dex: 14 (15) Spells: 5/5 levels left

rFire   . . .      SeeInvis .   l - +4 short sword
rCold   . . .      Faith    .   c - +0 buckler
rNeg    . . .      Spirit   .   d - +0 steam dragon scales
rPois   .          Reflect  .   t - +0 helmet of Kuhaew {Str+4}
rElec   .          Harm     +   x - scarf {harm}
rCorr   .          Rampage  .   (no gloves)
Will    .....                   (no boots)
Stlth   ++........              (no amulet)
HPRegen 0.16/turn               w - ring of Luaxtapt {Fly EV+4 Dex+3}
MPRegen 0.10/turn               (no ring)

@: flying
A: foul stench 1, spiny 1, weakness stinger 1
a: Renounce Religion, Stomp, Line Pass


You were on level 5 of the Dungeon.
You worshipped Uskayaw.
Uskayaw was noncommittal.
You visited 2 branches of the dungeon, and saw 6 of its levels.

You collected 250 gold pieces.

Inventory:

Hand Weapons
 a - a +0 long sword
 l - a +4 short sword (weapon)
Missiles
 r - 4 poisoned darts (quivered)
Armour
 b - a +0 scale mail
 c - a +0 buckler (worn)
 d - +0 steam dragon scales (worn)
 m - a +1 leather armour of poison resistance
 t - the +0 helmet of Kuhaew (worn) {Str+4}
   (You found it on level 4 of the Dungeon)

   Str:       It affects your strength (+4).
 x - a scarf of harm (worn)
Jewellery
 w - the ring of Luaxtapt (left hand) {Fly EV+4 Dex+3}
   (You found it on level 4 of the Dungeon)

   [ring of evasion]

   EV:        It affects your evasion (+4).
   Dex:       It affects your dexterity (+3).
   Fly:       It grants you flight.
Wands
 u - a wand of flame (15)
Scrolls
 f - a scroll of teleportation {unknown}
 g - a scroll of enchant armour {unknown}
 h - a scroll of noise {unknown}
 o - a scroll of brand weapon {unknown}
 p - a scroll of identify {unknown}
 q - a scroll of fear {unknown}
 s - a scroll of torment {unknown}
 v - a scroll of vulnerability {unknown}
 y - a scroll of silence {unknown}
 z - a scroll of enchant weapon {unknown}
Potions
 e - a potion of brilliance {unknown}
 i - 2 potions of degeneration
 j - 2 potions of flight {unknown}
 k - a potion of haste {unknown}
 n - 2 potions of heal wounds {unknown}


   Skills:
 + Level 4.0 Fighting
 + Level 2.8(3.2) Short Blades
 - Level 2.3(3.0) Long Blades
 + Level 0.2 Throwing
 - Level 4.0 Armour
 * Level 2.3 Dodging
 + Level 1.1 Stealth
 + Level 3.4 Shields
 * Level 1.5 Invocations


You had 5 spell levels left.
You didn't know any spells.
Your spell library contained the following spells:

 Spells                   Type           Power      Damage    Failure   Level
 Slow                     Hex            0%         N/A       47%         1
 Spider Form              Tmut/Pois      0%         N/A       85%         3
 Tukima's Dance           Hex            0%         N/A       85%         3
 Passage of Golubria      Tloc           0%         N/A       99%         4
 Alistair's Intoxication  Tmut/Pois      0%         N/A       100%        5
 Silence                  Hex/Air        0%         N/A       100%        5
 Yara's Violent Unravell  Hex/Tmut       0%         3d3       100%        5


Dungeon Overview and Level Annotations

Branches:
Dungeon (5/15)             Temple (1/1) D:4

Altars:
Ashenzari
Cheibriados
Dithmenos
Fedhas
Gozag
Kikubaaqudgha
Okawaru
Uskayaw
Vehumet
Xom
Yredelemnul
Zin

Annotations:
D:5 Blork the orc


Innate Abilities, Weirdness & Mutations

You may rarely emit foul miasma when damaged in melee.
You are partially covered in sharp spines.
You have a small tail.


Message History

An ogre comes into view. It is wielding a +0 giant spiked club.
Blork the orc gestures wildly while chanting.
Blork the orc seems to speed up.
You hit the orc priest.
The orc priest is heavily wounded.
The phantom hits you but does no damage.
The orc priest hits you with a +0 flail.
You hit the orc priest.
The orc priest is severely wounded.
Blork the orc hits you from afar with a +0 trident.
You block the phantom's attack.
Blork the orc hits you from afar with a +0 trident.
The orc priest invokes the aid of Beogh against you.
Beogh smites you!
* * * LOW HITPOINT WARNING * * *
The ogre misses you.
Uskayaw will force your foes to helplessly watch your dance.
Uskayaw prepares the audience for your solo!
Okay, then.
The helpless ogre fails to defend itself.
You puncture the ogre!
The ogre is heavily wounded.
The ogre is no longer paralysed.
The phantom is no longer paralysed.
Blork the orc is no longer paralysed.
The orc is no longer paralysed.
The orc priest is no longer paralysed.
Blork the orc completely misses you. The phantom is struck by your spines.
The phantom completely misses you.
The orc is no longer paralysed. x2; You block the ogre's attack.
You block Blork the orc's attack. The orc priest misses you.
A water moccasin zombie comes into view.
A hound skeleton comes into view.
The ogre barely misses you.
The water moccasin zombie moves out of view.
An ice beast comes into view.
It was a potion of degeneration.
There was something very wrong with that liquid.
You feel weakened.
You feel dopey.
You feel clumsy.
An adder comes into view.
You block Blork the orc's attack. The phantom completely misses you.
The ogre hits you with a +0 giant spiked club!
You die...

#.# #.# #.# ## #.#
# .# #.# #######.#
.#
#.#######oSoW@..#
.#
#.#......oooO.###
.###.#......####..#
.....'.......#
#.... .###.#......#
#Z#..# .#
#.#......# S###..#
.# #.#.......# .
#... .###.#......##
Y .##
.....#........


You could see Blork the orc (fast), a phantom, an ice beast (wandering), an
ogre, an orc priest, 2 adders, 3 orcs and a hound skeleton.

Vanquished Creatures
  A steam dragon (D:4)
  An ogre (D:5)
  A phantom (D:5)
  3 iguanas
  6 adders
  4 dart slugs
  2 orcs (D:3)
  9 endoplasms
  2 giant cockroaches
  3 goblins
  4 hobgoblins
  2 jackals (D:2)
  4 quokkas
  8 ball pythons
  6 bats
  5 frilled lizards
  3 kobolds
  2 rats
66 creatures vanquished.

Notes
Turn   | Place    | Note
-------+----------+-------------------------------------------
     0 | D:1      | Icepheonix32 the Demonspawn Fighter began the quest for the
                  | Orb.
     0 | D:1      | Reached XP level 1. HP: 18/18 MP: 1/1
   269 | D:1      | Gained mutation: You are partially covered in sharp spines.
                  | [demonic ancestry]
   269 | D:1      | Reached XP level 2. HP: 11/24 MP: 2/2
   291 | D:1      | HP: 1/24 [endoplasm (2)]
   612 | D:1      | Got the Incunabulum of Venomous Bewitchment
  1023 | D:2      | Gained mutation: You may rarely emit foul miasma when
                  | damaged in melee. [demonic ancestry]
  1023 | D:2      | Reached XP level 3. HP: 23/29 MP: 3/3
  1497 | D:2      | Found a faded altar of an unknown god.
  1529 | D:2      | Reached XP level 4. HP: 34/35 MP: 4/4
  2376 | D:4      | Noticed a steam dragon
  2386 | D:4      | Killed a steam dragon
  2387 | D:4      | Reached skill level 1 in Short Blades
  2387 | D:4      | Reached skill level 1 in Dodging
  2387 | D:4      | Gained mutation: You have a small tail. [demonic ancestry]
  2387 | D:4      | Reached XP level 5. HP: 6/42 MP: 5/5
  2667 | D:4      | Reached XP level 6. HP: 35/48 MP: 6/6
  2872 | D:4      | Identified the +0 helmet of Kuhaew {Str+4}
  2953 | D:4      | Found a staircase to the Ecumenical Temple.
  2962 | D:4      | Identified the ring of Luaxtapt {Fly EV+4 Dex+3}
  3010 | Temple   | Entered the Ecumenical Temple
  3055 | Temple   | Became a worshipper of Uskayaw the Reveller
  3553 | D:4      | Reached * piety under Uskayaw
  3913 | D:5      | Entered Level 5 of the Dungeon
  3920 | D:5      | Reached ** piety under Uskayaw
  3922 | D:5      | Reached skill level 1 in Invocations
  3932 | D:5      | Reached *** piety under Uskayaw
  3934 | D:5      | Reached skill level 1 in Stealth
  4007 | D:5      | Noticed Blork the orc
  4018 | D:5      | Noticed an ice beast
  4018 | D:5      | Mangled by an ogre

Illustrated notes

Levels and vault maps discovered:
D:1:      eino_arrival_water_star, layout_basic
D:2:      layout_rooms, basic_ecumenical_altar
D:3:      minmay_spotlight, layout_rooms
D:4:      layout_basic, minmay_temple_entry_arrows,
          minmay_misc_feat_more_columns, minivault_11, solitary_fountain
D:5:      layout_basic, minmay_ruined_shrine, uniq_blork_the_orc
Temple:   nicolae_temple_hex_pool

Skill      XL: |  1  2  3  4  5  6 |
---------------+-------------------+-----
Long Blades    | 2 |  2.3
Armour         | 3 4 |  4.0
Shields        | 3 |  3.4
Short Blades   | 1 2 |  2.8
Dodging        | 1 2 |  2.3
Fighting       | 4 |  4.0
Invocations    | 1 |  1.5
Stealth        | 1 |  1.1
Throwing       | |  0.2

Action                   |  1- 3 |  4- 6 || total
-------------------------+-------+-------++-------
Melee: Long sword        |    73 |       ||    73
       Short sword       |    15 |    73 ||    88
       Tailslap          |       |     6 ||     6
Throw: Dart              |       |     3 ||     3
  Use: Potion            |       |     2 ||     2
 Stab: Paralysed         |       |     2 ||     2
Armor: Scale mail        |    38 |    16 ||    54
       Steam dragon scal |       |     3 ||     3
Dodge: Dodged            |    28 |    38 ||    66
Block: Buckler           |    17 |    13 ||    30
